 Dungeon Crawl Stone Soup version 0.31-a0-176-g91f28db67f (webtiles) character file.

Game seed: 13501725134130236162

53 qw the Shooter (level 3, -5/32 HPs)
             Began as a Naga Hunter on June 17, 2023.
             Slain by a water moccasin (8 damage)
             ... on level 3 of the Dungeon.
             The game lasted 00:00:27 (1248 turns).

qw the Shooter (Naga Hunter)                        Turns: 1248, Time: 00:00:28

Health: -5/32      AC:  2    Str: 13    XL:     3   Next: 87%
Magic:  3/3        EV:  9    Int:  9    God:
Gold:   78         SH:  0    Dex: 16    Spells: 2/2 levels left

rFire   . . .        Y - +0 shortbow
rCold   . . .        (shield currently unavailable)
rNeg    . . .        c - +0 leather armour
rPois   +            (no helmet)
rElec   .            (no cloak)
rCorr   .            (no gloves)
SInv    +            (no barding)
Will    .....        (no amulet)
Stlth   ++           (no ring)
HPRegen 0.25/turn    (no ring)
MPRegen 0.08/turn

%: no passive effects
@: lethally poisoned (-5 -> -10), very slow
A: AC +1, large, see invisible, deformed body, poison resistance, slowness 2,
spit poison 1, naga tail 1
a: Spit Poison


You were on level 3 of the Dungeon.
You visited 1 branch of the dungeon, and saw 3 of its levels.

You collected 78 gold pieces.


Innate Abilities, Weirdness & Mutations

Your serpentine skin is tough. (AC +1)
You have supernaturally acute eyesight. (SInv)
Armour fits poorly on your strangely shaped body.
Your system is resistant to poisons. (rPois)
You cover ground very slowly.
You can spit poison.
You have a snake-like lower body.


   Skills:
 - Level 2.0 Fighting
 + Level 4.9 Ranged Weapons
 - Level 1.5 Dodging
 - Level 1.5 Stealth


You had 2 spell levels left.
You didn't know any spells.
Your spell library was empty.

Inventory:

Hand Weapons
 Y - a +0 shortbow (weapon)
Armour
 c - a +0 leather armour (worn)
Scrolls
 a - 3 scrolls of identify
 e - a scroll of immolation {unknown}
Potions
 b - a potion of mutation

Dungeon Overview and Level Annotations

Branches:
Dungeon (3/15)

Altars:
Gozag

Shops:
D:1 *   D:2 (


Message History

The water moccasin bites you. The water moccasin barely misses you.
You shoot an arrow.
The arrow closely misses the water moccasin.
The water moccasin bites you but does no damage.
You shoot an arrow.
The arrow hits the water moccasin but does no damage.
The water moccasin bites you!
You are poisoned.
The water moccasin poisons you!
The water moccasin bites you but does no damage.
You shoot an arrow.
The arrow closely misses the water moccasin.
You feel very sick. The water moccasin bites you. x2
You shoot an arrow.
The arrow closely misses the water moccasin.
You feel very sick.
The water moccasin bites you but does no damage.
1244 ||| DRINKING potion of heal wounds.
You feel much better.
You feel sick. The water moccasin bites you.
You are more poisoned.
The water moccasin poisons you! The water moccasin barely misses you.
You shoot an arrow. The arrow hits the water moccasin.
The water moccasin is lightly wounded.
You feel very sick.
The water moccasin bites you but does no damage.
You shoot an arrow. The arrow hits the water moccasin.
The water moccasin is moderately wounded.
You feel very sick. The water moccasin bites you!
The water moccasin closely misses you.
You shoot an arrow. The arrow hits the water moccasin.
The water moccasin is moderately wounded.
You feel very sick. The water moccasin barely misses you.
The water moccasin bites you.
You shoot an arrow.
The arrow hits the water moccasin but does no damage.
The water moccasin is moderately wounded.
You feel sick. The water moccasin bites you!
You die...

.#..# .... #... #
###..#.# ....#.###
.........
#S..#.... #@....#
#.###.# #####.#
###...#.#
#.......#
########.#.#.#.##
#..........#.....
#..........##...##
#..........##...#


You could see a water moccasin.

Vanquished Creatures
  An adder (D:2)
  A dart slug (D:1)
  3 ball pythons
  4 endoplasms (D:1)
  A giant cockroach (D:2)
  3 goblins (D:2)
  3 hobgoblins
  9 jackals
  A quokka (D:1)
  5 bats
  A frilled lizard (D:1)
  2 kobolds
  A rat (D:2)
35 creatures vanquished.

Notes
Turn   | Place    | Note
-------+----------+-------------------------------------------
     0 | D:1      | qw the Naga Hunter began the quest for the Orb.
     0 | D:1      | Reached XP level 1. HP: 19/19 MP: 1/1
     0 | D:1      | 0 ||| qw: Version: 0.3-a-5-g6f28e65
     0 | D:1      | 0 ||| qw: Game counter: 452
     0 | D:1      | 0 ||| qw: Always use a shield: true
     0 | D:1      | 0 ||| qw: God list: Okawaru
     0 | D:1      | 0 ||| qw: Allow faded altars: false
     0 | D:1      | 0 ||| qw: Do Orc after D:15 true
     0 | D:1      | 0 ||| qw: Do second Lair branch before Depths: true
     0 | D:1      | 0 ||| qw: Lair rune preference: random
     0 | D:1      | 0 ||| qw: Plans: Normal
     0 | D:1      | 0 ||| PLANNING D:1-11
     6 | D:1      | 6 ||| INVOKING Spit Poison.
    13 | D:1      | 13 ||| INVOKING Spit Poison.
    17 | D:1      | 17 ||| INVOKING Spit Poison.
    70 | D:1      | Found Biassata's General Store.
    78 | D:1      | 78 ||| SHOPLISTING potion of enlightenment (50 gold, have
                  | 0).
    78 | D:1      | 78 ||| SHOPLISTING scroll of identify (20 gold, have 0).
   181 | D:1      | Reached skill level 4 in Ranged Weapons
   181 | D:1      | Reached XP level 2. HP: 26/26 MP: 2/2
   204 | D:1      | 204 ||| INVOKING Spit Poison.
   240 | D:1      | 240 ||| INVOKING Spit Poison.
   246 | D:1      | 246 ||| INVOKING Spit Poison.
   250 | D:1      | 250 ||| INVOKING Spit Poison.
   312 | D:1      | 312 ||| INVOKING Spit Poison.
   316 | D:1      | 316 ||| INVOKING Spit Poison.
   418 | D:1      | 418 ||| INVOKING Spit Poison.
   527 | D:1      | 527 ||| INVOKING Spit Poison.
   534 | D:1      | 534 ||| INVOKING Spit Poison.
   535 | D:1      | 535 ||| INVOKING Spit Poison.
   548 | D:1      | Found a faded altar of an unknown god.
   550 | D:1      | Reached XP level 3. HP: 32/32 MP: 3/3
   556 | D:1      | 556 ||| INVOKING Spit Poison.
   648 | D:1      | 648 ||| READING 4 scrolls labelled HIXAKOHUYT.
   649 | D:1      | 649 ||| READING scroll labelled ZICAFOE YRAPU.
   650 | D:1      | 650 ||| READING 3 scrolls of identify.
   650 | D:1      | 650 ||| IDENTIFYING purple potion
   651 | D:1      | 651 ||| READING 2 scrolls of identify.
   651 | D:1      | 651 ||| IDENTIFYING metallic pink potion
   652 | D:1      | 652 ||| DROPPING scroll of butterflies.
   653 | D:1      | 653 ||| DROPPING potion of lignification.
   672 | D:2      | 672 ||| INVOKING Spit Poison.
   706 | D:2      | Found Zuemnide's Weapon Shop.
   711 | D:2      | 711 ||| INVOKING Spit Poison.
   737 | D:2      | 737 ||| INVOKING Spit Poison.
   756 | D:2      | 756 ||| INVOKING Spit Poison.
   759 | D:2      | 759 ||| INVOKING Spit Poison.
   864 | D:2      | 864 ||| INVOKING Spit Poison.
   872 | D:2      | 872 ||| INVOKING Spit Poison.
   905 | D:2      | 905 ||| INVOKING Spit Poison.
   906 | D:2      | Found an opulent altar of Gozag.
   910 | D:2      | 910 ||| INVOKING Spit Poison.
  1058 | D:2      | 1058 ||| READING scroll labelled DIW FYMULESHRI.
  1059 | D:2      | 1059 ||| READING 3 scrolls of identify.
  1059 | D:2      | 1059 ||| IDENTIFYING sapphire potion
  1079 | D:3      | 1079 ||| INVOKING Spit Poison.
  1100 | D:3      | 1100 ||| INVOKING Spit Poison.
  1105 | D:3      | 1105 ||| INVOKING Spit Poison.
  1110 | D:3      | 1110 ||| INVOKING Spit Poison.
  1115 | D:3      | 1115 ||| INVOKING Spit Poison.
  1235 | D:3      | Noticed a water moccasin
  1243 | D:3      | HP: 7/32 [poisoned by a water moccasin]
  1244 | D:3      | 1244 ||| DRINKING potion of heal wounds.
  1248 | D:3      | HP: 3/32 [poisoned by a water moccasin]
  1248 | D:3      | Slain by a water moccasin

Levels and vault maps discovered:
D:1:      psy_arrival_whirlpool, layout_loops_cross, serial_shops, shop,
          hellmonk_ecumenical_altar_dog_temple
D:2:      layout_basic, serial_shops, shop, basic_altar, kennysheep_nondescript,
          minmay_tromino_v2
D:3:      layout_basic, lemuel_coloured_pillars_altar, serial_shops, shop,
          nicolae_concentric_dashed_squares_mild

Skill      XL: |  1 |
---------------+----+-----
Ranged Weapons | 4 |  4.9
Fighting       | |  2.0
Dodging        | |  1.5
Stealth        | |  1.5

Action                     || total
---------------------------++-------
   Fire: Shortbow          ||    75
Ability: Spit Poison       ||    27
    Use: Scroll            ||     6
         Potion            ||     1
 Armour: Leather armour    ||    13
  Dodge: Dodged            ||    27

Table legend:
 A = Non-vault XP
 B = Vault XP
 C = Vault XP percentage of total XP
 D = Non-vault monster count
 E = Vault monster count
 F = Vault count percentage of total count
                 A         B        C        D         E       F
            +---------+---------+-------+---------+---------+-------
      Total |      72 |       4 |   5.3 |      33 |       2 |   5.7
            +---------+---------+-------+---------+---------+-------
        D:1 |      34 |       4 |  10.5 |      18 |       2 |  10.0
        D:2 |      28 |       0 |   0.0 |       9 |       0 |   0.0
        D:3 |      10 |       0 |   0.0 |       6 |       0 |   0.0
            +---------+---------+-------+---------+---------+-------
